 Dungeon Sprint DCSS version 0.32-a0-350-g4f4d228785 (webtiles) character file.

Game seed: 14908992277042707222

70466 rocky1 the Slayer (level 14, -19/154 HPs)
             Began as a Mountain Dwarf Fighter on Feb 18, 2024.
             Was an Initiate of Gozag.
             Killed from afar by Sojobo (45 damage)
             ... with a bolt of lightning
             ... in the Dungeon (Sprint IX: "|||||||||||||||||||||||||||||").
             The game lasted 00:29:15 (8723 turns).

rocky1 the Slayer (Mountain Dwarf Fighter)          Turns: 8723, Time: 00:29:15

Health: -19/154    AC: 34    Str: 28    XL:     14   Next: 94%
Magic:  8/31       EV:  8    Int: 10    God:    Gozag
Gold:   183        SH: 14    Dex:  9    Spells: 23/39 levels left

rFire   . . .        o - +2 morningstar (heavy)
rCold   + . .        b - +2 kite shield {rN+}
rNeg    + . .        f - +3 plate armour {rC+}
rPois   +            p - +0 helmet
rElec   .            P - +1 cloak {Stlth+}
rCorr   .            g - +2 pair of gloves {Str+3}
SInv    .            r - +2 pair of boots of the Great Game {Str+2}
Will    ++...        c - amulet of regeneration Stlth
                     H - ring of willpower
HPRegen 1.25/turn    G - ring of poison resistance
MPRegen 0.22/turn

%: no teleportation
@: no status effects
A: runic magic, artefact enchanting
a: Renounce Religion, Potion Petition, Call Merchant, Bribe Branch


You were in the Dungeon.
You worshipped Gozag.
Gozag was aware of your devotion.
You visited 1 branch You collected 18120 gold pieces.
You spent 7962 gold pieces at shops.
You paid 9975 gold pieces to Gozag.

Inventory:

Hand Weapons
 o - a +2 heavy morningstar (weapon)
 J - a +1 demon whip of venom
Missiles
 a - 5 javelins
 x - 3 throwing nets
Armour
 b - a +2 kite shield of positive energy (worn)
 e - the +0 ice dragon scales "Jiyden" {rF- rC++ Regen+ Int+2}
   (You bought it in a shop in the Dungeon)

   Int+2:     It affects your intelligence (+2).
   rF-:       It makes you vulnerable to fire.
   rC++:      It greatly protects you from cold.
   Regen+:    It increases your rate of health regeneration.
 f - a +3 plate armour of cold resistance (worn)
 g - a +2 pair of gloves of strength (worn)
 j - the orb of Lesser Demons {*Rage, rF+ Summ}
   (You bought it in a shop in the Dungeon)

   rF+:       It protects you from fire.
   Summ:      It increases the power of your Summonings spells.
 p - a +0 helmet (worn)
 r - the +2 pair of boots of the Great Game (worn) {Str+2}
   (You found it in the Dungeon)

   Str+2:     It affects your strength (+2).
 O - a +2 buckler of reflection
 P - a +1 cloak of stealth (worn)
Jewellery
 c - an amulet of regeneration (around neck)
 G - a ring of poison resistance (right hand)
 H - a ring of willpower (left hand)
Scrolls
 l - 2 scrolls of amnesia
 m - 4 scrolls of identify
 u - 5 scrolls of fear
 w - 2 scrolls of fog
 y - 2 scrolls of revelation
 z - 8 scrolls of enchant armour
 C - a scroll of blinking
Potions
 d - 3 potions of might
 h - 4 potions of magic
 i - 3 potions of berserk rage
 k - 3 potions of brilliance
 q - a potion of heal wounds
 v - 2 potions of haste
 A - 3 potions of cancellation
 B - a potion of enlightenment
 D - a potion of attraction


   Skills:
 - Level 22.1 Fighting
 - Level 20.4 Maces & Flails
 - Level 20.0 Armour
 - Level 1.3 Dodging
 - Level 15.5 Shields
 + Level 13.2 Spellcasting
 + Level 14.2 Conjurations
 + Level 18.1 Fire Magic
 + Level 11.4 Air Magic


You had 23 spell levels left.
You knew the following spells:

 Your Spells              Type           Power      Damage    Failure   Level
a - Starburst             Conj/Fire      19%        6d7       3%          6
b - Plasma Beam           Fire/Air       18%        2x1d29    7%          6
c - Animate Armour        Summ/Erth      12%        N/A       89%         4

Your spell library contained the following spells:

 Spells                   Type           Power      Damage    Failure   Level
 Foxfire                  Conj/Fire      100%       2x1d9     1%          1
 Stone Arrow              Conj/Erth      40%        3d9       3%          3
 Iskenderun's Mystic Bla  Conj/Tloc      20%        2d6       11%         4
 Tukima's Dance           Hex            6%         N/A       52%         3
 Dimensional Bullseye     Hex/Tloc       3%         N/A       89%         4
 Lehudib's Crystal Spear  Conj/Erth      10%        10d4      100%        8


Dungeon Overview and Level Annotations

Branches:
Dungeon (1/1)

Altars:
Cheibriados
Dithmenos
Elyvilon
Fedhas
Gozag
Hepliaklqana
Kikubaaqudgha
Makhleb
Nemelex Xobeh
Okawaru
Qazlal
Ru
Sif Muna
Trog
Uskayaw
Vehumet
Wu Jian
Xom
Yredelemnul
Zin
The Shining One
Beogh
Jiyva
Lugonu

Shops:
D :[:[=([

Annotations:
D Sojobo


Innate Abilities, Weirdness & Mutations

Your spellcasting is much less encumbered by armour.
You can use scrolls of enchantment on lesser artefacts.


Message History

You puncture Sojobo!
Sojobo is severely wounded.
The air elemental barely misses you. You block the air elemental's attack.
Sojobo hits you but does no damage. Sojobo pecks you but does no damage.
Sojobo claws you but does no damage. You block the air elemental's attack.
You completely miss Sojobo.
Sojobo is severely wounded.
You block the air elemental's attack. x2; Sojobo closely misses you.
You block Sojobo's attack. Sojobo claws you but does no damage.
You hit Sojobo but do no damage.
Sojobo is severely wounded.
You block the air elemental's attack.
The air elemental hits you but does no damage.
You block the air elemental's attack. You block Sojobo's attack.
Sojobo pecks you but does no damage. Sojobo claws you but does no damage.
Unknown command.
You miss Sojobo.
Sojobo is severely wounded.
You block the air elemental's attack. x2; Sojobo hits you but does no damage.
Sojobo pecks you but does no damage. Sojobo claws you but does no damage.
The air elemental hits you but does no damage.
You miss Sojobo.
Sojobo is severely wounded.
You block the air elemental's attack. The air elemental hits you.
* * * LOW HITPOINT WARNING * * *
Sojobo hits you with a +4 great sword of holy wrath!
* * * LOW HITPOINT WARNING * * *
Sojobo pecks you but does no damage. Sojobo claws you but does no damage.
The air elemental hits you but does no damage.
You block Sojobo's attack. x2; Sojobo claws you but does no damage.
Unknown command.
Unknown command.
Unknown command.
Unknown command.
You feel much better.
You block the air elemental's attack. x2
Sojobo gestures at you while chanting. The bolt of lightning hits you!!!
You die...
Sojobo says, "The outcome was never in doubt."
Your body crumbles into a pile of gold.

.▓.▓.▓.▓.▓.▓.▓'▓.♣
.▓.▓.▓.▓.▓.▓.▓.▓.♣
.▓.▓.▓'▓.▓.▓.▓[▓.♣
.▓.▓.▓.▓.▓.▓.▓=▓.♣
)▓.▓.▓=▓.▓.▓.▓.▓.♣
.▓.▓.▓∩▓.▓.▓.▓∩▓.♣
.▓.▓.▓.▓.▓.▓.▓∩▓.♣
.▓.▓.▓)▓.▓.▓.▓.▓E♣
.▓.▓.▓)▓.▓.▓.▓.▓@♣
.▓.▓.▓[▓.▓.▓.▓.▓Q▓
.▓.▓.▓.▓.▓.▓.▓.▓E▓
.▓.▓.▓.▓.▓.▓.▓.▓E▓
.▓.▓.▓)▓.▓.▓.▓.▓.▓
.▓.▓.▓.▓.▓)▓.▓.▓.▓
.▓[▓.▓.▓.▓[▓.▓.▓$▓
.▓(▓.▓)▓.▓)▓.▓.▓$▓
.▓.▓.▓.▓.▓)▓.▓.▓.▓


You could see Sojobo (repels missiles) and 3 air elementals.

Vanquished Creatures
  Agnes (D)
  Gastronok (D)
  Frances (D)
  2 tengu reavers (D)
  Aizul (D)
  A fenstrider witch (D)
  A fire giant (D)
  3 vault wardens (D)
  An iron dragon (D)
  An emperor scorpion (D)
  4 frost giants (D)
  3 ghost moths (D)
  A broodmother (D)
  3 ironbound preservers (D)
  3 ironbound thunderhulks (D)
  3 very ugly things (D)
  An eleionoma (D)
  Snorg (D)
  A fire dragon (D)
  3 ettins (D)
  A merfolk javelineer (D)
  A rakshasa (D)
  An entropy weaver (D)
  A great orb of eyes (D)
  Harold (D)
  2 hydras (D)
  A peacekeeper (D)
  2 ice dragons (D)
  2 ghost crabs (D)
  A centaur warrior (D)
  3 deep troll shamans (D)
  A merfolk aquamancer (D)
  A death knight (D)
  An ironbound frostheart (D)
  2 two-headed ogres (D)
  A boulder beetle (D)
  A naga warrior (D)
  A deep troll earth mage (D)
  A tengu warrior (D)
  Urug (D)
  A spriggan berserker (D)
  3 shock serpents (D)
  An orb spider (D)
  A sea snake (D)
  A swamp dragon (D)
  2 arcanists (D)
  A lindwurm (D)
  2 ironbound convokers (D)
  A deep elf pyromancer (D)
  10 orc knights (D)
  2 cyclopes (D)
  3 ugly things (D)
  An orc sorcerer (D)
  A manticore (D)
  A naga mage (D)
  A moth of wrath (D)
  Joseph (D)
  A black mamba (D)
  4 cane toads (D)
  3 vault sentinels (D)
  A kobold demonologist (D)
  An efreet (D)
  A rime drake (D)
  3 komodo dragons (D)
  2 merfolk (D)
  5 polar bears (D)
  A troll (shapeshifter) (D)
  A tyrant leech (D)
  A blink frog (D)
  A wind drake (D)
  A jumping spider (D)
  2 glass eyes (D)
  2 snapping turtles (D)
  A culicivora (D)
  A spriggan (shapeshifter) (D)
  A slime creature (D)
  A wraith (D)
  A yak (D)
  2 wyverns (D)
  Eustachio (D)
  A basilisk (D)
  A redback (D)
  A steam dragon (D)
  A vampire mosquito (D)
  2 nagas (D)
  5 water moccasins (D)
  4 black bears (D)
  16 orc warriors (D)
  A phantom (D)
  4 orc priests (D)
  4 orc wizards (D)
  An adder (D)
  6 orcs (D)
  3 hobgoblins (D)
  A kobold (D)
  A ball python (D)
185 creatures vanquished.

Vanquished Creatures (others)
  2 spriggan druids (D)
  A will-o-the-wisp (D)
  A manticore (D)
4 creatures vanquished.

Grand Total: 189 creatures vanquished

Notes
Turn   | Place    | Note
-------+----------+-------------------------------------------
     0 | D        | rocky1 the Mountain Dwarf Fighter began the quest for the
                  | Orb.
     0 | D        | Reached XP level 1. HP: 19/19 MP: 1/1
    25 | D        | Reached skill level 4 in Fighting
    28 | D        | Reached XP level 2. HP: 26/27 MP: 2/2
    35 | D        | Noticed a phantom
    35 | D        | Noticed a black bear
    50 | D        | Killed a black bear
    51 | D        | Reached skill level 5 in Fighting
    51 | D        | Reached skill level 5 in Maces & Flails
    51 | D        | Reached skill level 5 in Armour
    51 | D        | Reached skill level 5 in Shields
    51 | D        | Reached XP level 3. HP: 25/37 MP: 3/3
    51 | D        | Reached XP level 4. HP: 30/44 MP: 4/4
    59 | D        | Killed a phantom
    60 | D        | Reached skill level 6 in Fighting
    60 | D        | Reached skill level 1 in Dodging
    60 | D        | Reached XP level 5. HP: 24/51 MP: 5/5
    74 | D        | Found a roughly hewn altar of Beogh.
    74 | D        | Found a snail-covered altar of Cheibriados.
    74 | D        | Found a shadowy altar of Dithmenos.
    74 | D        | Found a white marble altar of Elyvilon.
    74 | D        | Found a blossoming altar of Fedhas.
    74 | D        | Found an opulent altar of Gozag.
    75 | D        | Found a hazy altar of Hepliaklqana.
    76 | D        | Found a viscous altar of Jiyva.
    77 | D        | Found an ancient bone altar of Kikubaaqudgha.
    78 | D        | Found a corrupted altar of Lugonu.
    79 | D        | Found a burning altar of Makhleb.
    80 | D        | Found a sparkling altar of Nemelex Xobeh.
    81 | D        | Found an iron altar of Okawaru.
    82 | D        | Became a worshipper of Gozag Ym Sagoz the Greedy
   266 | D        | Found a stormy altar of Qazlal.
   267 | D        | Found a sacrificial altar of Ru.
   268 | D        | Found a shimmering blue altar of Sif Muna.
   269 | D        | Found a bloodstained altar of Trog.
   270 | D        | Found a hide-covered altar of Uskayaw.
   271 | D        | Found a radiant altar of Vehumet.
   272 | D        | Found an ornate altar of the Wu Jian Council.
   273 | D        | Found a shimmering altar of Xom.
   274 | D        | Found a basalt altar of Yredelemnul.
   275 | D        | Found a glowing silver altar of Zin.
   276 | D        | Found a glowing golden altar of the Shining One.
   329 | D        | Noticed a two-headed ogre
   329 | D        | Noticed a wraith
   329 | D        | Noticed a kobold demonologist
   329 | D        | Noticed a two-headed ogre
   329 | D        | Noticed a wyvern
   333 | D        | Killed a wyvern
   334 | D        | Reached skill level 7 in Fighting
   334 | D        | Reached XP level 6. HP: 61/61 MP: 6/6
   340 | D        | Killed a two-headed ogre
   341 | D        | Reached skill level 9 in Fighting
   341 | D        | Reached XP level 7. HP: 59/70 MP: 7/7
   346 | D        | Noticed an ice devil
   346 | D        | Killed a kobold demonologist
   347 | D        | Reached skill level 10 in Armour
   347 | D        | Reached XP level 8. HP: 69/79 MP: 8/8
   348 | D        | Reached skill level 10 in Fighting
   350 | D        | Killed a two-headed ogre
   351 | D        | Reached skill level 10 in Shields
   482 | D        | Noticed a centaur warrior
   482 | D        | Noticed a red ugly thing
   482 | D        | Noticed a cyan ugly thing
   482 | D        | Noticed an efreet
   482 | D        | Noticed a manticore
   485 | D        | Killed a manticore
   486 | D        | Reached skill level 11 in Fighting
   486 | D        | Reached XP level 9. HP: 78/89 MP: 9/9
   488 | D        | Killed an efreet
   489 | D        | Reached skill level 15 in Maces & Flails
   491 | D        | Killed a cyan ugly thing
   492 | D        | a human changed into a troll
   492 | D        | Noticed a troll (shapeshifter)
   493 | D        | Killed a cyan ugly thing
   496 | D        | Killed a centaur warrior
   497 | D        | Reached skill level 12 in Fighting
   498 | D        | Killed a troll
   527 | D        | Noticed Urug
   549 | D        | Killed Urug
   550 | D        | Reached XP level 10. HP: 14/99 MP: 10/10
   895 | D        | Noticed Eustachio
   909 | D        | Killed Eustachio
   991 | D        | Noticed a cane toad
   993 | D        | Noticed a cane toad
  1007 | D        | Killed a cane toad
  1387 | D        | Killed a cane toad
  1388 | D        | Reached skill level 13 in Fighting
  1415 | D        | Noticed a cane toad
  1415 | D        | Noticed a cane toad
  1420 | D        | Killed a cane toad
  1430 | D        | Killed a cane toad
  1443 | D        | Reached XP level 11. HP: 38/108 MP: 11/11
  1652 | D        | Reached skill level 14 in Fighting
  1859 | D        | Noticed Harold
  1877 | D        | Killed Harold
  2063 | D        | Noticed an orc sorcerer
  2076 | D        | Killed an orc sorcerer
  2304 | D        | Bought a book of Fire for 512 gold pieces
  2304 | D        | Bought a manual of Armour for 1280 gold pieces
  2311 | D        | Learned a level 6 spell: Starburst
  2327 | D        | Noticed an orc knight
  2337 | D        | Killed an orc knight
  2338 | D        | Reached skill level 1 in Spellcasting
  2338 | D        | Reached skill level 1 in Conjurations
  2338 | D        | Reached skill level 1 in Fire Magic
  2354 | D        | Noticed an orc knight
  2356 | D        | Reached skill level 15 in Armour
  2369 | D        | Killed an orc knight
  2799 | D        | Found Vaigoh's Armour Boutique.
  2799 | D        | Noticed an orc knight
  2799 | D        | Noticed an orc knight
  2799 | D        | Noticed an orc knight
  2809 | D        | Killed an orc knight
  2810 | D        | Reached skill level 15 in Fighting
  2812 | D        | Killed an orc knight
  2816 | D        | Killed an orc knight
  2817 | D        | Reached skill level 15 in Shields
  2819 | D        | Noticed an orc knight
  2821 | D        | Found Myssih's Book Shop.
  2824 | D        | Found Qof Nyab's Magic Scroll Boutique.
  2824 | D        | Noticed an orc knight
  2828 | D        | Killed an orc knight
  2829 | D        | Reached skill level 5 in Fire Magic
  2829 | D        | Found Ciylis's Distillery.
  2830 | D        | Noticed an orc knight
  2832 | D        | Noticed an orc knight
  2834 | D        | Noticed an orc knight
  2836 | D        | Killed an orc knight
  2848 | D        | Killed an orc knight
  2853 | D        | Killed an orc knight
  2854 | D        | Reached XP level 12. HP: 75/121 MP: 18/18
  2906 | D        | Bought a +2 kite shield of positive energy for 222 gold
                  | pieces
  2906 | D        | Bought a +3 plate armour of cold resistance for 540 gold
                  | pieces
  2928 | D        | Bought a book of Armaments for 432 gold pieces
  2928 | D        | Bought a manual of Fighting for 960 gold pieces
  2930 | D        | Bought a scroll of blinking for 75 gold pieces
  2930 | D        | Bought a scroll of fear for 40 gold pieces
  2930 | D        | Bought a scroll of revelation for 75 gold pieces
  2930 | D        | Bought a scroll of enchant armour for 75 gold pieces
  2930 | D        | Bought a scroll of revelation for 75 gold pieces
  2932 | D        | Bought a potion of cancellation for 112 gold pieces
  2932 | D        | Bought a potion of magic for 112 gold pieces
  2932 | D        | Bought a potion of curing for 42 gold pieces
  2932 | D        | Bought a potion of curing for 42 gold pieces
  2932 | D        | Bought a potion of enlightenment for 70 gold pieces
  2932 | D        | Bought a potion of heal wounds for 70 gold pieces
  2932 | D        | Bought a potion of heal wounds for 70 gold pieces
  2932 | D        | Bought a potion of brilliance for 56 gold pieces
  2932 | D        | Bought 2 potions of cancellation for 224 gold pieces
  2932 | D        | Bought a potion of attraction for 42 gold pieces
  3100 | D        | Learned a level 6 spell: Plasma Beam
  3121 | D        | Noticed Joseph
  3128 | D        | Killed Joseph
  3129 | D        | Reached skill level 16 in Fighting
  3186 | D        | Noticed Gastronok
  3194 | D        | Killed Gastronok
  3195 | D        | Reached skill level 17 in Fighting
  3307 | D        | Noticed a five-headed hydra
  3307 | D        | Noticed a boulder beetle
  3311 | D        | Killed a five-headed hydra
  3312 | D        | Reached skill level 18 in Fighting
  3314 | D        | Noticed a death knight
  3317 | D        | Killed a boulder beetle
  3318 | D        | Reached skill level 19 in Fighting
  3318 | D        | Noticed a deep troll earth mage
  3328 | D        | Reached skill level 20 in Fighting
  3329 | D        | Noticed a deep troll shaman
  3342 | D        | Noticed an ice dragon
  3343 | D        | Killed a death knight
  3344 | D        | Reached skill level 21 in Fighting
  3348 | D        | Noticed a red very ugly thing
  3349 | D        | Killed a deep troll earth mage
  3351 | D        | Noticed a red very ugly thing
  3356 | D        | Killed a deep troll shaman
  3357 | D        | Noticed an ice dragon
  3363 | D        | Killed an ice dragon
  3364 | D        | Reached skill level 22 in Fighting
  3618 | D        | Noticed a tengu warrior
  3627 | D        | Killed an ice dragon
  3635 | D        | Killed a cyan very ugly thing
  3641 | D        | Killed a cyan very ugly thing
  3653 | D        | Killed a tengu warrior
  4008 | D        | Noticed Frances
  4043 | D        | Killed Frances
  4044 | D        | Reached skill level 5 in Conjurations
  4044 | D        | Reached skill level 1 in Air Magic
  4461 | D        | Noticed an entropy weaver
  4461 | D        | Noticed a broodmother
  4473 | D        | Killed a ghost moth
  4474 | D        | Reached skill level 5 in Spellcasting
  4474 | D        | Reached XP level 13. HP: 66/145 MP: 0/20
  4481 | D        | Killed a broodmother
  4771 | D        | Killed a ghost moth
  4800 | D        | Killed a ghost moth
  5191 | D        | Noticed a fenstrider witch
  5191 | D        | Noticed an eleionoma
  5197 | D        | Killed an eleionoma
  5208 | D        | Killed a fenstrider witch
  5209 | D        | Reached skill level 10 in Fire Magic
  5405 | D        | Reached skill level 5 in Air Magic
  5645 | D        | Noticed a merfolk javelineer
  5651 | D        | Killed a merfolk javelineer
  6209 | D        | Bought a pair of glowing gloves for 195 gold pieces
  6209 | D        | Bought an ancient scale mail for 234 gold pieces
  6209 | D        | Identified the +0 scale mail of Death Resistance {Int+3}
                  | (You bought it in a shop in the Dungeon)
  6209 | D        | Bought an embroidered cloak for 195 gold pieces
  6261 | D        | Noticed Snorg
  6270 | D        | Killed Snorg
  6301 | D        | Noticed Agnes
  6313 | D        | Killed Agnes
  6314 | D        | Reached skill level 10 in Conjurations
  6364 | D        | Identified the serpent talisman of the Nightingale {rF+++
                  | rCorr Str-5 Int+2}
  6364 | D        | Noticed Aizul
  6395 | D        | Killed Aizul
  6712 | D        | Noticed an ettin
  6712 | D        | Noticed a brown very ugly thing
  6712 | D        | Noticed an ettin
  6712 | D        | Noticed a frost giant
  6716 | D        | Killed a frost giant
  6718 | D        | Noticed a frost giant
  6721 | D        | Noticed an iron dragon
  6724 | D        | Killed a brown very ugly thing
  6727 | D        | Killed an ettin
  6728 | D        | Reached XP level 14. HP: 73/154 MP: 27/27
  6728 | D        | Noticed a frost giant
  6731 | D        | Reached skill level 10 in Spellcasting
  6733 | D        | Noticed a frost giant
  6740 | D        | Killed a frost giant
  6750 | D        | Killed an iron dragon
  6754 | D        | Killed a frost giant
  6760 | D        | Killed a frost giant
  6770 | D        | Reached skill level 15 in Fire Magic
  7219 | D        | Noticed a fire giant
  7227 | D        | Killed a fire giant
  7452 | D        | Noticed an ironbound preserver
  7452 | D        | Noticed an ironbound preserver
  7453 | D        | Noticed an ironbound preserver
  7455 | D        | Killed an ironbound preserver
  7460 | D        | Killed an ironbound preserver
  7460 | D        | Noticed a vault warden
  7467 | D        | Killed an ironbound preserver
  7467 | D        | Noticed an ironbound thunderhulk
  7468 | D        | Reached skill level 10 in Air Magic
  7472 | D        | Killed a vault warden
  7486 | D        | Killed an ironbound thunderhulk
  7488 | D        | Noticed a vault warden
  7489 | D        | Noticed an ironbound thunderhulk
  7497 | D        | Noticed a vault warden
  7513 | D        | Killed an ironbound thunderhulk
  7514 | D        | Killed a vault warden
  7532 | D        | Killed a vault warden
  7550 | D        | Noticed an ironbound thunderhulk
  7552 | D        | HP: 4/154 [ironbound thunderhulk/bolt of lightning (54)]
  7558 | D        | Killed an ironbound thunderhulk
  8022 | D        | Learned a level 4 spell: Animate Armour
  8130 | D        | Noticed an emperor scorpion
  8140 | D        | Killed an emperor scorpion
  8141 | D        | Found the +11 plutonium sword {^Contam Stlth-}
  8539 | D        | Found the +3 robe of Clouds {*Thunder rCloud rElec}
  8564 | D        | Got the +0 pair of boots of the Great Game {Str+2}
  8576 | D        | Got the +0 pair of gloves of Kaj Keoq {Int+2}
  8638 | D        | Bought buzzing ice dragon scales for 1820 gold pieces
  8638 | D        | Identified the +0 ice dragon scales "Jiyden" {rF- rC++
                  | Regen+ Int+2} (You bought it in a shop in the Dungeon)
  8638 | D        | Bought an ancient orb for 392 gold pieces
  8638 | D        | Identified the orb of Lesser Demons {*Rage, rF+ Summ} (You
                  | bought it in a shop in the Dungeon)
  8678 | D        | Noticed a tengu reaver
  8678 | D        | Noticed a tengu reaver
  8680 | D        | Noticed Sojobo
  8695 | D        | Killed a tengu reaver
  8698 | D        | Killed a tengu reaver
  8703 | D        | Paralysed by an air elemental for 1 turns
  8709 | D        | Paralysed by an air elemental for 1 turns
  8722 | D        | HP: 1/154 [Sojobo/+4 great sword of holy wrath (15)]
  8723 | D        | Killed from afar by Sojobo

Illustrated notes

Levels and vault maps discovered:
D:        linesprint [early_d, line_temple, items_1, d_10, items_2, lair_1,
          lair_end, items_3, orc_1, orc_end, items_4, d_15, swamp_1, shoals_1,
          snake_1, spider_1, d_20, vaults_1, items_5, swamp_end, shoals_end,
          snake_end, spider_end, vaults_end, d_27, items_6, zot_1, zot_end,
          crypt_end, forest_end, elf_end, slime_end, tomb_end, abyss_end,
          pan_hell_end]

Skill      XL: |  1  2  3  4  5  6  7  8  9 10 11 12 13 14 |
---------------+-------------------------------------------+-----
Fighting       | 4 5 6 7 9 11 12 13 15 22 | 22.1
Armour         | 4 5 6 8 9 10 11 12 13 16 20 | 20.0
Shields        | 4 5 6 7 9 10 12 13 15 | 15.5
Maces & Flails | 3 5 7 9 12 14 17 19 20 | 20.4
Dodging        | 1 |  1.3
Spellcasting   | 4 5 9 13 | 13.2
Conjurations   | 4 5 10 14 | 14.2
Fire Magic     | 6 7 13 18 | 18.1
Air Magic      | 2 8 11 | 11.4

Action                     |  1- 3 |  4- 6 |  7- 9 | 10-12 | 13-15 || total
---------------------------+-------+-------+-------+-------+-------++-------
  Melee: Flail             |    38 |    17 |       |       |       ||    55
         Morningstar       |       |     5 |    31 |   315 |   303 ||   654
  Throw: Javelin           |       |       |       |     4 |       ||     4
   Cast: Plasma Beam       |       |       |       |       |    16 ||    16
         Starburst         |       |       |       |       |    12 ||    12
 Invoke: Potion Petition   |       |       |       |     4 |     9 ||    13
         Call Merchant     |       |       |       |     1 |     4 ||     5
  Evoke: Wand              |       |     5 |     5 |       |       ||    10
    Use: Potion            |     1 |       |     3 |    11 |    11 ||    26
         Scroll            |       |       |       |     2 |     7 ||     9
   Stab: Invisible         |       |     1 |     5 |    13 |       ||    19
         Distracted        |       |       |       |     4 |     4 ||     8
 Armour: Scale mail        |    45 |    13 |    19 |   121 |       ||   198
         Plate armour      |       |       |       |    57 |   341 ||   398
         Chain mail        |       |       |       |    45 |       ||    45
  Dodge: Dodged            |    23 |    11 |    11 |   106 |    86 ||   237
  Block: Buckler           |     8 |     3 |     4 |    64 |    89 ||   168
         Kite shield       |       |       |       |    47 |    53 ||   100
         Reflection        |       |       |       |       |     1 ||     1

Table legend: (Time is in decaauts)
 A = Elapsed time spent in this place.
 B = Non-inter-level travel time spent in this place.
 C = Inter-level travel time spent in this place.
 D = Time resting spent in this place.
 E = Time spent auto-exploring this place.
 F = Levels seen in this place.
 G = Mean time per level.
                   A        B        C        D        E       F      G
               +--------+--------+--------+--------+--------+-----+--------+
         Total |   8669 |   8669 |      0 |   5612 |      0 |   1 | 8669.0 |
       Dungeon |   8669 |   8669 |      0 |   5612 |      0 |   1 | 8669.0 |
               +--------+--------+--------+--------+--------+-----+--------+

Top non-repeatable levels by time:
       D: 8669 daAuts
